General information
- name: BNet
- type: Ladder team game (AT/RT)
- host: Battle.net
- saver: ROTS19
map: MarketSquare
- players: 8
- length: 20:57
- speed: Fast
- version: 1.26 W3XP
- replay type: Public
» download(138 KB)
Players
team 1 (winner)
Gofish4eva (
green | 59 APM | 1231 actions | 20:57)
6 Demon Hunter
3 Immolation
2 Mana Burn
1 Metamorphosis
5 Priestess of the Moon
2 Searing Arrows
3 Trueshot Aura
» actions
| Assign group hotkey | 14 | |
| Build / train | 72 | |
| Enter build submenu | 19 | |
| Enter hero's abilities submenu | 11 | |
| Give item / drop item | 2 | |
| Remove unit from queue | 1 | |
| Right click | 373 | |
| Select / deselect | 177 | |
| Select group hotkey | 464 | |
| Use ability | 98 | |
1231 total
» units
| Wisp | 19 | |
| Archer | 4 | |
| Druid of the Claw | 1 | |
| Dryad | 6 | |
| Chimaera | 5 | |
35 total
» upgrades
| Strength of the Wild | 3 | |
| Reinforced Hides | 3 | |
| Druid of the Claw Training | 1 | |
| Corrosive Breath | 1 | |
| Abolish Magic | 1 | |
9 total
» buildings
| Altar of Elders | 1 | |
| Moon Well | 8 | |
| Ancient of War | 1 | |
| Hunter's Hall | 1 | |
| Tree of Ages | 1 | |
| Ancient of Wonders | 1 | |
| Ancient of Wind | 1 | |
| Tree of Eternity | 1 | |
| Ancient of Lore | 1 | |
| Chimaera Roost | 2 | |
| Tree of Life | 1 | |
| Ancient Protector | 1 | |
20 total
» build order
00:04 Altar of Elders
00:09 Moon Well
01:13 Ancient of War
01:24 Moon Well
02:04 Hunter's Hall
02:41 Moon Well
04:44 Tree of Ages
04:52 Ancient of Wonders
04:58 Moon Well
06:33 Moon Well
08:05 Ancient of Wind
08:07 Tree of Eternity
09:58 Ancient of Lore
10:54 Chimaera Roost
10:59 Chimaera Roost
12:58 Moon Well
13:15 Tree of Life
19:41 Moon Well
19:44 Moon Well
20:45 Ancient Protector
» items
| Potion of Healing | 2 | |
| Lesser Clarity Potion | 1 | |
| Scroll of Town Portal | 2 | |
| Orb of Corruption | 1 | |
| Rod of Necromancy | 2 | |
| Orb of Venom | 1 | |
| Potion of Lesser Invulnerability | 1 | |
10 total
llGOLIASll (
pink | 59 APM | 1233 actions | 20:57)
4 Blademaster
2 Wind Walk
2 Critical Strike
» actions
| Assign group hotkey | 7 | |
| Basic commands | 182 | |
| Build / train | 50 | |
| ESC pressed | 11 | |
| Enter build submenu | 17 | |
| Enter hero's abilities submenu | 4 | |
| Remove unit from queue | 2 | |
| Right click | 510 | |
| Select / deselect | 279 | |
| Select group hotkey | 100 | |
| Use ability | 71 | |
1233 total
» units
| Peon | 11 | |
| Wind Rider | 12 | |
| Raider | 2 | |
25 total
» upgrades
| Ranged Weapons | 3 | |
| Armor | 3 | |
| Envenomed Spears | 1 | |
| Liquid Fire | 1 | |
8 total
» buildings
| Altar of Storms | 2 | |
| Orc Burrow | 6 | |
| War Mill | 2 | |
| Voodoo Lounge | 2 | |
| Stronghold | 2 | |
| Watch Tower | 5 | |
| Beastiary | 2 | |
| Fortress | 1 | |
| Great Hall | 1 | |
23 total
» build order
00:10 Altar of Storms
00:24 Orc Burrow
01:10 War Mill
01:28 Voodoo Lounge
02:25 Stronghold
02:25 Stronghold
03:02 Watch Tower
04:06 Watch Tower
04:51 Beastiary
04:52 Beastiary
05:23 Orc Burrow
05:25 Orc Burrow
07:18 Watch Tower
07:19 Watch Tower
07:20 Watch Tower
08:15 Orc Burrow
08:16 Orc Burrow
08:16 Orc Burrow
10:03 Fortress
17:24 Altar of Storms
17:52 Great Hall
19:54 Voodoo Lounge
20:45 War Mill
» items
| Healing Salve | 1 | |
| Lesser Clarity Potion | 2 | |
3 total

»
WhiteDwarf21 (
yellow | 62 APM | 1306 actions | 20:57)
2 Blood Mage
1 Flame Strike
1 Siphon Mana
» actions
| Build / train | 65 | |
| Enter build submenu | 25 | |
| Enter hero's abilities submenu | 2 | |
| Give item / drop item | 1 | |
| Right click | 559 | |
| Select / deselect | 612 | |
| Use ability | 42 | |
1306 total
» units
» upgrades
| Swords | 3 | |
| Armor | 2 | |
| Masonry | 3 | |
| Lumber Harvesting | 2 | |
| Storm Hammers | 1 | |
11 total
» buildings
| Altar of Kings | 1 | |
| Barracks | 1 | |
| Farm | 9 | |
| Lumber Mill | 2 | |
| Blacksmith | 1 | |
| Arcane Vault | 2 | |
| Keep | 1 | |
| Scout Tower | 6 | |
| Guard Tower | 4 | |
| Castle | 1 | |
| Gryphon Aviary | 2 | |
30 total
» build order
00:08 Altar of Kings
00:13 Barracks
00:20 Farm
01:01 Farm
01:18 Lumber Mill
01:39 Farm
02:04 Farm
02:34 Farm
02:53 Blacksmith
04:46 Farm
04:50 Arcane Vault
04:54 Keep
05:23 Farm
06:02 Farm
06:37 Farm
08:54 Scout Tower
09:23 Scout Tower
09:25 Scout Tower
09:40 Scout Tower
09:52 Scout Tower
09:56 Scout Tower
10:22 Guard Tower
10:28 Guard Tower
10:53 Arcane Vault
11:31 Castle
11:54 Lumber Mill
12:54 Guard Tower
13:31 Gryphon Aviary
13:35 Gryphon Aviary
14:45 Guard Tower
» items
| Ivory Tower | 7 | |
| Scroll of Town Portal | 1 | |
8 total

»
dlessard12 (
teal | 42 APM | 871 actions | 20:57)
6 Death Knight
3 Death Coil
2 Unholy Aura
1 Animate Dead
5 Dreadlord
3 Sleep
2 Vampiric Aura
» actions
| Assign group hotkey | 14 | |
| Basic commands | 78 | |
| Build / train | 43 | |
| Enter build submenu | 14 | |
| Enter hero's abilities submenu | 12 | |
| Right click | 403 | |
| Select / deselect | 156 | |
| Select group hotkey | 109 | |
| Use ability | 41 | |
871 total
» units
| Acolyte | 3 | |
| Ghoul | 3 | |
| Crypt Fiend | 10 | |
| Frost Wyrm | 4 | |
20 total
» upgrades
| Creature Attack | 3 | |
| Creature Carapace | 3 | |
| Web | 1 | |
| Freezing Breath | 1 | |
8 total
» buildings
| Ziggurat | 7 | |
| Altar of Darkness | 1 | |
| Crypt | 1 | |
| Graveyard | 1 | |
| Halls of the Dead | 1 | |
| Black Citadel | 1 | |
| Tomb of Relics | 1 | |
| Sacrificial Pit | 1 | |
| Boneyard | 2 | |
16 total
» build order
00:09 Ziggurat
00:11 Altar of Darkness
00:42 Crypt
01:08 Ziggurat
01:24 Graveyard
01:48 Ziggurat
02:45 Ziggurat
04:11 Halls of the Dead
05:44 Ziggurat
06:44 Black Citadel
07:04 Tomb of Relics
11:29 Sacrificial Pit
11:58 Ziggurat
12:45 Boneyard
12:54 Boneyard
13:02 Ziggurat
team 2 (loser)
SatanicMaster (
red | 40 APM | 748 actions | 18:51)
5 Archmage
2 Summon Water Elemental
2 Blizzard
1 Brilliance Aura
» actions
| Build / train | 61 | |
| Enter build submenu | 19 | |
| Enter hero's abilities submenu | 5 | |
| Right click | 386 | |
| Select / deselect | 229 | |
| Use ability | 48 | |
748 total
» units
| Peasant | 15 | |
| Footman | 12 | |
| Mortar Team | 11 | |
| Siege Engine | 5 | |
43 total
» upgrades
| Gunpowder | 3 | |
| Armor | 1 | |
| Flare | 1 | |
| Barrage | 1 | |
| Plating | 1 | |
7 total
» buildings
| Altar of Kings | 2 | |
| Farm | 8 | |
| Barracks | 1 | |
| Scout Tower | 2 | |
| Arcane Tower | 2 | |
| Keep | 1 | |
| Arcane Vault | 1 | |
| Lumber Mill | 1 | |
| Blacksmith | 1 | |
| Workshop | 2 | |
| Castle | 1 | |
| Town Hall | 1 | |
23 total
» build order
00:07 Altar of Kings
00:14 Altar of Kings
00:17 Farm
00:23 Barracks
01:05 Farm
01:36 Scout Tower
01:57 Scout Tower
02:05 Farm
02:14 Arcane Tower
02:31 Arcane Tower
04:00 Keep
04:17 Arcane Vault
04:33 Farm
05:21 Farm
05:33 Lumber Mill
05:38 Blacksmith
06:31 Workshop
06:34 Workshop
08:01 Castle
08:56 Farm
10:59 Farm
12:43 Farm
14:56 Town Hall
» items
NiGhTmAr3. (
blue | 46 APM | 957 actions | 20:42)
5 Goblin Tinker
3 Pocket Factory
2 Engineering Upgrade
» actions
| Assign group hotkey | 10 | |
| Build / train | 53 | |
| Enter build submenu | 12 | |
| Enter hero's abilities submenu | 5 | |
| Give item / drop item | 4 | |
| Remove unit from queue | 1 | |
| Right click | 634 | |
| Select / deselect | 155 | |
| Select group hotkey | 36 | |
| Use ability | 47 | |
957 total
» units
| Peon | 5 | |
| Grunt | 19 | |
| Troll Batrider | 4 | |
28 total
» upgrades
| Pillage | 1 | |
| Backpack | 1 | |
| Melee Weapons | 2 | |
| Berserker Strength | 1 | |
| Armor | 1 | |
6 total
» buildings
| Orc Burrow | 4 | |
| Barracks | 2 | |
| Altar of Storms | 1 | |
| Voodoo Lounge | 1 | |
| Stronghold | 1 | |
| War Mill | 1 | |
| Beastiary | 2 | |
| Fortress | 1 | |
| Great Hall | 1 | |
14 total
» build order
00:11 Orc Burrow
00:15 Barracks
00:46 Altar of Storms
01:24 Orc Burrow
02:28 Barracks
02:46 Voodoo Lounge
04:58 Orc Burrow
07:07 Stronghold
07:09 War Mill
07:11 Orc Burrow
12:47 Beastiary
12:49 Beastiary
14:13 Fortress
17:54 Great Hall
» items
| Healing Salve | 3 | |
| Lesser Clarity Potion | 2 | |
| Scroll of Town Portal | 3 | |
| Orb of Lightning | 1 | |
9 total

»
ROTS19 (
orange | 62 APM | 1300 actions | 20:57)
3 Mountain King
2 Storm Bolt
1 Thunder Clap
2 Paladin
1 Holy Light
1 Divine Shield
5 Blood Mage
3 Siphon Mana
2 Banish
» actions
| Assign group hotkey | 16 | |
| Basic commands | 37 | |
| Build / train | 57 | |
| ESC pressed | 2 | |
| Enter build submenu | 24 | |
| Enter hero's abilities submenu | 10 | |
| Right click | 462 | |
| Select / deselect | 388 | |
| Select group hotkey | 212 | |
| Use ability | 92 | |
1300 total
» units
| Peasant | 19 | |
| Footman | 2 | |
| Knight | 2 | |
| Rifleman | 2 | |
25 total
» upgrades
| Swords | 2 | |
| Plating | 2 | |
| Defend | 1 | |
| Animal War Training | 1 | |
| Long Rifles | 1 | |
7 total
» buildings
| Altar of Kings | 1 | |
| Barracks | 4 | |
| Farm | 8 | |
| Scout Tower | 4 | |
| Lumber Mill | 1 | |
| Guard Tower | 1 | |
| Blacksmith | 1 | |
| Arcane Vault | 1 | |
| Keep | 1 | |
| Castle | 1 | |
| Arcane Tower | 3 | |
26 total
» build order
00:05 Altar of Kings
00:09 Barracks
00:26 Farm
00:53 Scout Tower
01:14 Farm
01:49 Barracks
01:51 Barracks
02:11 Farm
02:20 Lumber Mill
02:49 Barracks
03:00 Guard Tower
03:13 Blacksmith
03:53 Arcane Vault
04:07 Keep
08:53 Castle
09:08 Scout Tower
09:11 Scout Tower
09:14 Scout Tower
09:39 Arcane Tower
09:43 Arcane Tower
09:44 Arcane Tower
15:34 Farm
15:36 Farm
15:38 Farm
15:40 Farm
15:42 Farm
» items
| Lesser Clarity Potion | 3 | |
| Potion of Healing | 2 | |
| Scroll of Regeneration | 1 | |
6 total
PBRband (
purple | 17 APM | 352 actions | 20:57)
2 Demon Hunter
1 Immolation
1 Evasion
» actions
| Assign group hotkey | 17 | |
| Basic commands | 22 | |
| Build / train | 46 | |
| Enter build submenu | 13 | |
| Enter hero's abilities submenu | 2 | |
| Remove unit from queue | 1 | |
| Right click | 55 | |
| Select / deselect | 151 | |
| Select group hotkey | 25 | |
| Use ability | 20 | |
352 total
» units
| Wisp | 5 | |
| Archer | 21 | |
| Huntress | 6 | |
| Chimaera | 3 | |
| Hippogryph | 2 | |
37 total
» upgrades
| Strength of the Moon | 1 | |
| Moon Armor | 1 | |
| Hippogryph Taming | 1 | |
3 total
» buildings
| Moon Well | 5 | |
| Ancient of War | 1 | |
| Altar of Elders | 1 | |
| Hunter's Hall | 1 | |
| Tree of Ages | 1 | |
| Tree of Eternity | 1 | |
| Ancient of Wind | 1 | |
| Chimaera Roost | 1 | |
12 total
» build order
00:19 Moon Well
00:31 Ancient of War
01:20 Altar of Elders
01:32 Moon Well
03:05 Moon Well
04:06 Hunter's Hall
05:57 Moon Well
07:18 Tree of Ages
09:48 Moon Well
10:31 Tree of Eternity
12:28 Ancient of Wind
13:43 Chimaera Roost
Chat log
(00:26 / Allies) PBRband: im new
(00:28 / Allies) SatanicMaster: units?
(00:37 / Allies) NiGhTmAr3.: grunt rushing right corner
(00:41 / Allies) ROTS19: did anyone see their races in the screen?
(00:45 / Allies) ROTS19: id idn't look
(00:49 / Allies) PBRband: no
(01:07 / Allies) PBRband: Ill do archers
(01:09 / Allies) SatanicMaster: siege here
(01:13 / Allies) SatanicMaster: foots to start
(05:18 / Allies) NiGhTmAr3.: classic ornage with nothg thre of them attacking us and my two bottom feeder do nothgn
(05:33 / Allies) ROTS19: What
(05:34 / Allies) ROTS19: The fuck
(05:46 / Allies) SatanicMaster: who me?
(05:47 / Allies) ROTS19: Was that pathetic excuse for an english
(05:49 / Allies) ROTS19: sentance.
(05:52 / Allies) ROTS19: ?
(07:35 / Allies) ROTS19: backing out
(07:48 / Allies) NiGhTmAr3.: tk allies gg
(07:52 / Allies) SatanicMaster: no
(07:55 / Allies) NiGhTmAr3.: i am
(08:01 / All) ROTS19: So let me get this straight blue
(08:08 / All) ROTS19: You want to backstab because I didn't want to kill myself?
(08:14 / Allies) NiGhTmAr3.: not u
(08:15 / All) ROTS19: that makes absolutely no sense.
(08:18 / Allies) ROTS19: ok
(08:21 / Allies) NiGhTmAr3.: tking them
(08:35 / Allies) NiGhTmAr3.: leave oprange its over sorry but im not carrying thattrash opn bot
(09:28 / All) SatanicMaster: coming
(09:33 / Allies) PBRband: me too
(10:10 / Allies) ROTS19: aww yeah we can do this!
(10:29 / Allies) SatanicMaster: this is bs
(10:43 / Allies) SatanicMaster: such bs
(11:24 / Allies) ROTS19: dude
(11:25 / Allies) ROTS19: teals dl
(11:26 / Allies) ROTS19: has no health
(11:27 / Allies) ROTS19: jus tkill it
(11:32 / Allies) ROTS19: withy our archers
(11:37 / Allies) ROTS19: why can't you do that
(11:43 / Allies) NiGhTmAr3.: bs tha i would ever have to play with u red
(12:12 / Allies) SatanicMaster: honestly we needed to clear out the middle
(12:26 / Allies) SatanicMaster: my morts are getting rocked when i parry them
(13:10 / Allies) ROTS19: gold pelase
(14:51 / Allies) SatanicMaster: you wewre saying blue?
(15:02 / Allies) ROTS19: save the archers
(15:02 / Allies) NiGhTmAr3.: u suck bad
(15:03 / Allies) ROTS19: if you can
(15:21 / Allies) ROTS19: try not to lose stuff unnecesarily
(16:07 / Allies) NiGhTmAr3.: finds kil;;;
(18:03 / Allies) SatanicMaster: help
(18:04 / Allies) SatanicMaster: tptpt
(18:14 / Allies) SatanicMaster: omfg
(18:23 / Allies) ROTS19: wood please someone
(18:25 / Allies) SatanicMaster: go fuck yourselves
(18:31 / All) Gofish4eva: classic counter red
(18:32 / All) Gofish4eva: aha
(18:53 / All) Gofish4eva: and yuou die purple
(19:21 / All) Gofish4eva: thats game boys
(19:43 / All) ROTS19: The average IQ level in this game is lower than the audience at a Michael Bay movie
(20:10 / All) Gofish4eva: blue
(20:14 / All) Gofish4eva: THANK YOIU FOR FEEDING US
(20:23 / All) ROTS19: It was his idea of "teamkill red for suck"
(20:32 / All) Gofish4eva: blue sucked balls
(20:37 / All) ROTS19: No argument here
(20:48 / All) Gofish4eva: Gg boys
(20:53 / All) ROTS19: anyway
(20:55 / All) ROTS19: gg